 Dungeon Crawl Stone Soup version 0.24-a0-447-ge8da9206dc (webtiles) character file.

Game seed: 18269221464421569740

8537 Arthanis the Arsonist (level 11, -6/54 HPs)
             Began as a Deep Elf Fire Elementalist on June 25, 2019.
             Was an Elder of Vehumet.
             Mangled by an orc warrior
             ... wielding a +0 trident
              (19 damage)
             ... on level 9 of the Dungeon.
             The game lasted 00:23:41 (6909 turns).

Arthanis the Arsonist (Deep Elf Fire Elementalist)  Turns: 6909, Time: 00:23:41

Health: -6/54      AC:  7    Str:  5    XL:     11   Next: 11%
Magic:  5/27       EV: 13    Int: 24    God:    Vehumet [****..]
Gold:   92         SH:  0    Dex: 15    Spells: 13/30 levels left

rFire    . . .     SeeInvis .   F - +0 falchion (flame)
rCold    . . .     Gourm    .   (no shield)
rNeg     + . .     Faith    .   C - +1 robe {rN+}
rPois    .         Spirit   .   R - +1 helmet
rElec    .         Reflect  .   D - +0 cloak
rCorr    .         Harm     .   g - +0 pair of gloves
MR       +....                  (no boots)
Stlth    +++.......             (no amulet)
HPRegen  0.18/turn              o - ring of wizardry
MPRegen  0.20/turn              L - ring of stealth

@: no status effects
A: no striking features
a: Renounce Religion


You were on level 9 of the Dungeon.
You worshipped Vehumet.
Vehumet was greatly pleased with you.
You were not hungry.

You visited 1 branch of the dungeon, and saw 9 of its levels.

You collected 362 gold pieces.
You spent 270 gold pieces at shops.

Inventory:

Hand Weapons
 b - a +0 dagger
 f - a +0 falchion of holy wrath
 l - a +0 spear
 q - a +2 antimagic spear
 F - a +0 falchion of flaming (weapon)
Armour
 a - a +0 robe
 g - a +0 pair of gloves (worn)
 r - a +0 helmet
 C - a +1 robe of positive energy (worn)
 D - a +0 cloak (worn)
 R - a +1 helmet (worn)
Jewellery
 o - a ring of wizardry (left hand)
 G - an uncursed ring of protection from fire
 L - a ring of stealth (right hand)
 S - an uncursed ring of teleportation
 T - the cursed necklace of Bloodlust {*Rage +Rage MR++ Int-3 Slay+6 *Curse}
   (You found it on level 9 of the Dungeon)

   [amulet of rage]

   It affects your intelligence (-3).
   It affects your accuracy and damage with ranged weapons and melee attacks
   (+6).
   It affects your resistance to hostile enchantments.
   It lets you go berserk.
   It may make you go berserk in combat.
   It curses itself when equipped.
   It has a curse placed upon it.
Wands
 m - a wand of random effects (17)
 v - a wand of polymorph (10)
 B - a wand of iceblast (16)
 K - a wand of digging (5)
 O - a wand of disintegration (7)
 Q - a wand of acid (7)
Scrolls
 d - 3 scrolls of enchant armour
 e - 6 scrolls of teleportation
 j - a scroll of noise
 k - 2 scrolls of blinking
 n - 3 scrolls of enchant weapon
 s - a scroll of fear
 y - 2 scrolls of amnesia
 H - a scroll of remove curse
 M - a scroll of magic mapping {unknown}
Potions
 h - 4 potions of curing
 i - 3 potions of mutation
 p - a potion of experience {unknown}
 t - a potion of invisibility {unknown}
 u - 2 potions of flight {unknown}
 w - 4 potions of might {unknown}
 x - 4 potions of degeneration
 z - 2 potions of heal wounds {unknown}
 A - a potion of resistance {unknown}
 E - 3 potions of lignification {unknown}
 I - 2 potions of agility
 J - a potion of brilliance
 N - a potion of ambrosia {unknown}
Comestibles
 c - 21 rations
 P - 6 chunks of flesh


   Skills:
 - Level 2.4 Dodging
 - Level 3.0 Stealth
 + Level 10.2 Spellcasting
 * Level 11.5 Conjurations
 * Level 11.8 Fire Magic
 - Level 4.3 Evocations


You had 13 spell levels left.
You knew the following spells:

 Your Spells              Type           Power        Failure   Level  Hunger
a - Flame Tongue          Conj/Fire      #####        1%          1    None
b - Conjure Flame         Conj/Fire      ######..     1%          3    None
c - Sticky Flame          Conj/Fire      ######..     1%          4    #......
d - Fireball              Conj/Fire      ######....   1%          5    ####...
e - Magic Dart            Conj           ####         1%          1    None
f - Mephitic Cloud        Conj/Pois/Air  ####....     1%          3    None

Your spell library contained the following spells:

 Spells                   Type           Power        Failure   Level  Hunger
 Olgreb's Toxic Radiance  Pois           ##......     6%          4    #......
 Sandblast                Erth           ##....       1%          1    None
 Throw Flame              Conj/Fire      ######       1%          2    None
 Inner Flame              Hex/Fire       #####...     1%          3    None
 Stone Arrow              Conj/Erth      #####.       1%          3    None
 Passwall                 Tmut/Erth      ##......     3%          2    None
 Lee's Rapid Deconstruct  Erth           ##........   16%         5    ####...
 Petrify                  Tmut/Erth      ##......     21%         4    #......


Dungeon Overview and Level Annotations

Branches:
Dungeon (9/15)             Temple (0/1) D:6
   Lair: D:8-11         Orc: D:9-12

Altars:
Cheibriados
Dithmenos
Elyvilon
Kikubaaqudgha
Makhleb
Okawaru
Trog
Uskayaw
Vehumet

Shops:
D:4 **[?   D:6 !   D:8 *


Message History

The hippogriff is heavily wounded.
The hippogriff burns! x2; The hippogriff bites you.
The hippogriff barely misses you. The hippogriff closely misses you.
The hippogriff barely misses you. The hippogriff closely misses you.
The hippogriff claws you but does no damage.
An ogre comes into view. It is wielding a +0 giant club.
Casting: Sticky Flame (safe; 1% risk of failure)
Confirm with . or Enter, or press ? or * to list all spells.
You don't have enough magic to cast that spell.
An orc warrior comes into view. It is wielding a +0 trident.
You feel sick.
The hippogriff burns!
The ogre hits you with a +0 giant club!!
* * * LOW HITPOINT WARNING * * *
You feel better.
The hippogriff burns!
You kill the hippogriff!
Vehumet accepts your kill.
Vehumet is now extending the range of your destructive spells.
You feel your power returning.
The orc warrior hits you from afar with a +0 trident!!
You die...

.######
5..
###.###
.# #.#
###^#####
#.#
....#####
... ###
###.#####
#.# #..
..<.#
####
##.## #..
.##.#
#### o.)
#.. .##.#
#.# #O#
#.. .##.#
#.#
###@##
#.. .#..#
#.#
#$()?#
####
.#.## #.#
######
#... .#.#
#.# #...
.#.####.#
#...
........#
#.# #...
...######
#.# #...
.### #.#
#... .#
#.# #....


You could see an orc warrior and an ogre.

Vanquished Creatures
  A hydra (D:8)
  4 two-headed ogres
  A deep elf mage (D:6)
  Joseph (D:7)
  Grinder (D:3)
  A hornet (D:8)
  A hippogriff (D:9)
  2 dream sheep (D:8)
  Sigmund (D:5)
  2 yaks (D:8)
  A hungry ghost (D:7)
  Menkaure (D:5)
  An acid dragon (D:9)
  Duvessa (D:6)
  Purgy (D:2)
  An ice beast (D:9)
  An orc warrior (D:9)
  2 phantoms
  A black bear (D:9)
  2 sky beasts
  4 ogres (D:9)
  2 centaurs
  3 big kobolds (D:8)
  2 bullfrogs (D:8)
  Dowan (D:6)
  A scorpion (D:9)
  An electric eel (D:6)
  A howler monkey (D:4)
  6 crimson imps
  A centaur zombie (D:8)
  3 hounds
  A jelly (D:5)
  2 orc wizards
  Ijyb (D:3)
  Terence (D:3)
  3 iguanas
  Natasha (thrice) (D:2)
  5 worker ants
  A hound skeleton (D:9)
  A hound zombie (D:6)
  Robin (D:3)
  A howler monkey zombie (D:9)
  A worker ant zombie (D:6)
  2 gnolls (D:6)
  7 adders
  4 river rats (D:6)
  3 oozes
  2 adder skeletons
  An adder zombie (D:7)
  3 worms
  2 dart slugs
  14 orcs
  5 bats
  6 giant cockroaches
  18 goblins
  9 hobgoblins
  5 jackals
  8 quokkas
  A ball python (D:8)
  A ball python skeleton (D:4)
  5 frilled lizards
  8 kobolds
  5 rats
182 creatures vanquished.

Notes
Turn   | Place    | Note
-------+----------+-------------------------------------------
     0 | D:1      | Arthanis the Deep Elf Fire Elementalist began the quest for
                  | the Orb.
     0 | D:1      | Reached XP level 1. HP: 10/10 MP: 6/6
   188 | D:1      | Reached XP level 2. HP: 15/15 MP: 8/8
   702 | D:2      | Found an iron altar of Okawaru.
   720 | D:2      | Noticed Natasha
   758 | D:2      | Noticed a crimson imp
   759 | D:2      | Killed Natasha
   759 | D:2      | Reached XP level 3. HP: 15/19 MP: 3/10
   764 | D:2      | Learned a level 3 spell: Conjure Flame
   977 | D:2      | Found a radiant altar of Vehumet.
  1009 | D:2      | Became a worshipper of Vehumet
  1039 | D:2      | Reached XP level 4. HP: 23/24 MP: 9/11
  1045 | D:2      | Learned a level 4 spell: Sticky Flame
  1179 | D:2      | Noticed Natasha
  1186 | D:2      | Killed Natasha
  1215 | D:2      | Found a bloodstained altar of Trog.
  1425 | D:2      | Noticed Natasha
  1434 | D:2      | Killed Natasha
  1521 | D:3      | Noticed Purgy
  1558 | D:2      | Killed Purgy
  1558 | D:2      | Reached skill level 5 in Fire Magic
  1558 | D:2      | Reached XP level 5. HP: 21/28 MP: 1/13
  1643 | D:3      | Reached * piety under Vehumet
  1643 | D:3      | Offered knowledge of Magic Dart by Vehumet.
  1671 | D:3      | Noticed Robin
  1688 | D:3      | Killed Robin
  1795 | D:3      | Learned a level 1 spell: Magic Dart
  1830 | D:3      | Noticed Grinder
  1837 | D:3      | Killed Grinder
  1837 | D:3      | Reached skill level 5 in Spellcasting
  1837 | D:3      | Reached XP level 6. HP: 27/32 MP: 5/15
  1844 | D:3      | Learned a level 5 spell: Fireball
  1862 | D:3      | Reached skill level 5 in Conjurations
  1975 | D:3      | Noticed Terence
  2046 | D:3      | Killed Terence
  2046 | D:3      | Reached XP level 7. HP: 36/36 MP: 8/16
  2048 | D:3      | Found a snail-covered altar of Cheibriados.
  2050 | D:3      | Noticed Ijyb
  2064 | D:3      | Killed Ijyb
  2097 | D:3      | Offered knowledge of Sandblast by Vehumet.
  2299 | D:4      | Found Vokh's Antique Armour Boutique.
  2301 | D:4      | Found Emeuk's Magic Scroll Shop.
  2321 | D:4      | Reached ** piety under Vehumet
  2326 | D:4      | Bought a scroll of identify for 28 gold pieces
  2326 | D:4      | Bought a scroll of remove curse for 42 gold pieces
  2326 | D:4      | Bought a scroll of teleportation for 42 gold pieces
  2754 | D:4      | Found Ici Zoapni's General Store.
  2821 | D:4      | Found Riadd's General Store.
  3109 | D:5      | Entered Level 5 of the Dungeon
  3270 | D:5      | Found a shadowy altar of Dithmenos.
  3280 | D:5      | Noticed Sigmund
  3356 | D:5      | Killed Sigmund
  3356 | D:5      | Reached XP level 8. HP: 35/41 MP: 9/19
  3458 | D:5      | Noticed Menkaure
  3463 | D:5      | Killed Menkaure
  3786 | D:6      | Reached skill level 1 in Evocations
  4029 | D:6      | Found a staircase to the Ecumenical Temple.
  4162 | D:6      | Found Udireph's Distillery.
  4172 | D:6      | Found a hide-covered altar of Uskayaw.
  4173 | D:6      | Noticed Dowan
  4183 | D:6      | Noticed Duvessa
  4191 | D:6      | Killed Dowan
  4194 | D:6      | Killed Duvessa
  4239 | D:6      | Bought a potion of degeneration for 11 gold pieces
  4239 | D:6      | Bought a potion of agility for 44 gold pieces
  4239 | D:6      | Bought a potion of brilliance for 44 gold pieces
  4239 | D:6      | Bought a potion of curing for 33 gold pieces
  4484 | D:6      | Offered knowledge of Mephitic Cloud by Vehumet.
  4489 | D:6      | Learned a level 3 spell: Mephitic Cloud
  4546 | D:6      | Noticed a deep elf mage
  4551 | D:6      | Killed a deep elf mage
  4551 | D:6      | Reached XP level 9. HP: 25/45 MP: 2/22
  4790 | D:7      | Reached *** piety under Vehumet
  4842 | D:7      | Noticed Joseph
  4856 | D:7      | Killed Joseph
  4951 | D:7      | Found a white marble altar of Elyvilon.
  5346 | D:8      | Found a burning altar of Makhleb.
  5370 | D:8      | Noticed a two-headed ogre
  5385 | D:8      | Killed a two-headed ogre
  5385 | D:8      | Reached skill level 10 in Fire Magic
  5429 | D:8      | Found Qeqedopn's Assorted Antiques.
  5449 | D:8      | Bought a silvery potion for 26 gold pieces
  5695 | D:8      | Found an ancient bone altar of Kikubaaqudgha.
  5723 | D:8      | Offered knowledge of Olgreb's Toxic Radiance by Vehumet.
  5999 | D:8      | Reached XP level 10. HP: 50/50 MP: 24/24
  6003 | D:8      | Reached skill level 10 in Conjurations
  6020 | D:8      | Noticed a three-headed hydra
  6024 | D:8      | Killed a three-headed hydra
  6112 | D:9      | Noticed a two-headed ogre
  6339 | D:9      | Killed a two-headed ogre
  6479 | D:9      | Noticed a two-headed ogre
  6496 | D:9      | Killed a two-headed ogre
  6544 | D:9      | Noticed a two-headed ogre
  6558 | D:9      | Killed a two-headed ogre
  6558 | D:9      | Reached skill level 10 in Spellcasting
  6651 | D:9      | Reached XP level 11. HP: 54/54 MP: 19/27
  6817 | D:9      | Found the cursed necklace of Bloodlust {*Rage +Rage MR++
                  | Int-3 Slay+6 *Curse}
  6899 | D:9      | Noticed a deep elf mage
  6909 | D:9      | Reached **** piety under Vehumet
  6909 | D:9      | Mangled by an orc warrior

Levels and vault maps discovered:
D:1:      dpeg_arrival_tiny_h, layout_loops_ring
D:2:      layout_loops_cross, marbit_many_paths, bloody_trog,
          okawaru_metal_pillars_3, first_ration, uniq_natasha
D:3:      layout_basic, kennysheep_slug_shrine, uniq_terence, uniq_purgy,
          uniq_ijyb, uniq_robin, uniq_grinder
D:4:      layout_basic, serial_shops, shop, kennysheep_mini, shop, shop,
          chequers_serial_rivers_marsh
D:5:      layout_loops_ring, lemuel_crystal_altar, uniq_menkaure, uniq_sigmund
D:6:      wad_woods_tower, layout_basic, nicolae_overflow_hidden_temple,
          temple_green, serial_shops, nicolae_shop_crystal, minivault_4,
          guppyfry_early_elven_hall, uniq_duvessa
D:7:      layout_loops_ring, elyvilon_altar_4, uniq_joseph
D:8:      layout_loops_ring, kiku_gazebo_garden_becter, kennysheep_mini_moat,
          serial_shops, shop, hangedman_ranch [blue_anna_fruit_fields],
          minmay_between
D:9:      hangedman_cross_veins, layout_loops_ring

Skill      XL: |  1  2  3  4  5  6  7  8  9 10 |
---------------+-------------------------------+-----
Conjurations   | 2 4 5 6 8 9 11 | 11.5
Fire Magic     | 4 5 6 7 8 10 11 | 11.8
Spellcasting   | 4 5 6 7 8 10 | 10.2
Evocations     | 2 4 |  4.3
Stealth        | 3 |  3.0
Dodging        | |  2.4

Action                   |  1- 3 |  4- 6 |  7- 9 | 10-12 || total
-------------------------+-------+-------+-------+-------++-------
Melee: Dagger            |    12 |     5 |     1 |       ||    18
       Falchion          |       |       |     8 |     5 ||    13
 Cast: Flame Tongue      |    39 |    71 |   144 |    69 ||   323
       Sticky Flame      |       |     5 |    20 |     9 ||    34
       Magic Dart        |       |    12 |    41 |    17 ||    70
       Conjure Flame     |       |       |     8 |     6 ||    14
       Fireball          |       |       |     4 |     8 ||    12
       Mephitic Cloud    |       |       |     3 |       ||     3
Evoke: Wand              |       |     2 |     2 |       ||     4
  Use: Scroll            |       |       |     9 |     2 ||    11
       Potion            |       |       |       |     1 ||     1
 Stab: Sleeping          |     7 |       |     2 |       ||     9
  Eat: Chunk             |       |     4 |    15 |     1 ||    20
       Ration            |       |       |       |     1 ||     1
Armor: Robe              |     2 |     4 |    10 |    11 ||    27
Dodge: Dodged            |    13 |    35 |    38 |    25 ||   111
       Rpst.: Falchion   |       |       |    10 |     6 ||    16

Table legend:
 A = Non-vault XP
 B = Vault XP
 C = Vault XP percentage of total XP
 D = Non-vault monster count
 E = Vault monster count
 F = Vault count percentage of total count
                 A         B        C        D         E       F
            +---------+---------+-------+---------+---------+-------
      Total |    6827 |    5369 |  44.0 |     133 |      49 |  26.9
            +---------+---------+-------+---------+---------+-------
        D:1 |      18 |       0 |   0.0 |      11 |       0 |   0.0
        D:2 |     136 |     166 |  55.0 |      28 |       3 |   9.7
        D:3 |      89 |     390 |  81.4 |      16 |      16 |  50.0
        D:4 |     398 |       0 |   0.0 |      17 |       0 |   0.0
        D:5 |     232 |     399 |  63.2 |       8 |       2 |  20.0
        D:6 |     250 |     869 |  77.7 |       7 |       9 |  56.2
        D:7 |     454 |     460 |  50.3 |      15 |       1 |   6.2
        D:8 |    1336 |    2335 |  63.6 |      13 |      11 |  45.8
        D:9 |    3914 |     750 |  16.1 |      18 |       7 |  28.0
            +---------+---------+-------+---------+---------+-------
